Workbook

Sheet главная
AA1: 1 | AB1: =AA1+1 -> 2 | AC1: =AB1+1 -> 3 | AD1: =AC1+1 -> 4 | AE1: =AD1+1 -> 5 | AF1: =AE1+1 -> 6 | AG1: =AF1+1 -> 7 | AH1: =AG1+1 -> 8 | AI1: =AH1+1 -> 9 | ... AP1: =AO1+1 -> 16
D2: Экспресс Финмодель Бизнес-Проекта
D3: Бизнес-Проект: Название
W5: +7(985)201-6607 | AA5: 1-ый год
E6: комментарий | H6: показатель | N6: детализация | Q6: ед.изм. | T6: значение | W6: итого | Z6: старт | AA6: =IF(OR($T$9="",$T$9=0),"",$T$9) | AB6: =IF(AA6="","",IF(AA6-$T$9+1>=$T$11,"",AA6+1)) | AC6: =IF(AB6="","",IF(AB6-$T$9+1>=$T$11,"",AB6+1)) | AD6: =IF(AC6="","",IF(AC6-$T$9+1>=$T$11,"",AC6+1)) | AE6: =IF(AD6="","",IF(AD6-$T$9+1>=$T$11,"",AD6+1)) | AF6: =IF(AE6="","",IF(AE6-$T$9+1>=$T$11,"",AE6+1)) | AG6: =IF(AF6="","",IF(AF6-$T$9+1>=$T$11,"",AF6+1)) | AH6: =IF(AG6="","",IF(AG6-$T$9+1>=$T$11,"",AG6+1)) | AI6: =IF(AH6="","",IF(AH6-$T$9+1>=$T$11,"",AH6+1)) | ... AP6: =IF(AO6="","",IF(AO6-$T$9+1>=$T$11,"",AO6+1))
G9: * | H9: первый год проекта | Q9: год | S9: *
G11: * | H11: горизонт расчетов | Q11: кол-во лет | S11: *
F13: 0
F14: 0 | G14: * | H14: выручка | N14: итого | Q14: руб. | W14: =SUM($Y14:$AQ14) -> 0 | AA14: =IF(AA$6="",0,SUMIFS(AA15:AA84,$H15:$H84,$H14)) -> 0 | AB14: =IF(AB$6="",0,SUMIFS(AB15:AB84,$H15:$H84,$H14)) -> 0 | AC14: =IF(AC$6="",0,SUMIFS(AC15:AC84,$H15:$H84,$H14)) -> 0 | AD14: =IF(AD$6="",0,SUMIFS(AD15:AD84,$H15:$H84,$H14)) -> 0 | AE14: =IF(AE$6="",0,SUMIFS(AE15:AE84,$H15:$H84,$H14)) -> 0 | AF14: =IF(AF$6="",0,SUMIFS(AF15:AF84,$H15:$H84,$H14)) -> 0 | AG14: =IF(AG$6="",0,SUMIFS(AG15:AG84,$H15:$H84,$H14)) -> 0 | AH14: =IF(AH$6="",0,SUMIFS(AH15:AH84,$H15:$H84,$H14)) -> 0 | ... AP14: =IF(AP$6="",0,SUMIFS(AP15:AP84,$H15:$H84,$H14)) -> 0
F15: 0
F16: 0
G17: * | I17: кол-во продаж продукта-1 в 1-ый год | M17: * | N17: продукт-1 | Q17: шт | S17: *
G19: * | I19: скорость прироста г/г | Q19: вып.список | S19: * | U19: ^
G21: * | I21: коэффициент (q) прироста | Q21: =IF(T19=справочники!$B$8,"a+qx",IF(T19=справочники!$B$9,"aq^x",IF(T19=справочники!$B$10,"a^(qx)","??"))) -> ?? | S21: *
F23: 2 | G23: * | I23: кол-во продаж продукта-1 | Q23: шт | AA23: =IF(AA$6="",0,$T17) -> 0 | AB23: =IF(AB$6="",0,IF($T19=справочники!$B$8,$T17+$T21*(AB$1-$AA$1),IF($T19=справочники!$B$9,$T17*POWER($T21,(AB$1-$AA$1)),IF($T19=справочники!$B$10,POWER($T17,$T21*(AB$1-$AA$1)),0)))) -> 0 | AC23: =IF(AC$6="",0,IF($T19=справочники!$B$8,$T17+$T21*(AC$1-$AA$1),IF($T19=справочники!$B$9,$T17*POWER($T21,(AC$1-$AA$1)),IF($T19=справочники!$B$10,POWER($T17,$T21*(AC$1-$AA$1)),0)))) -> 0 | AD23: =IF(AD$6="",0,IF($T19=справочники!$B$8,$T17+$T21*(AD$1-$AA$1),IF($T19=справочники!$B$9,$T17*POWER($T21,(AD$1-$AA$1)),IF($T19=справочники!$B$10,POWER($T17,$T21*(AD$1-$AA$1)),0)))) -> 0 | AE23: =IF(AE$6="",0,IF($T19=справочники!$B$8,$T17+$T21*(AE$1-$AA$1),IF($T19=справочники!$B$9,$T17*POWER($T21,(AE$1-$AA$1)),IF($T19=справочники!$B$10,POWER($T17,$T21*(AE$1-$AA$1)),0)))) -> 0 | AF23: =IF(AF$6="",0,IF($T19=справочники!$B$8,$T17+$T21*(AF$1-$AA$1),IF($T19=справочники!$B$9,$T17*POWER($T21,(AF$1-$AA$1)),IF($T19=справочники!$B$10,POWER($T17,$T21*(AF$1-$AA$1)),0)))) -> 0 | AG23: =IF(AG$6="",0,IF($T19=справочники!$B$8,$T17+$T21*(AG$1-$AA$1),IF($T19=справочники!$B$9,$T17*POWER($T21,(AG$1-$AA$1)),IF($T19=справочники!$B$10,POWER($T17,$T21*(AG$1-$AA$1)),0)))) -> 0 | AH23: =IF(AH$6="",0,IF($T19=справочники!$B$8,$T17+$T21*(AH$1-$AA$1),IF($T19=справочники!$B$9,$T17*POWER($T21,(AH$1-$AA$1)),IF($T19=справочники!$B$10,POWER($T17,$T21*(AH$1-$AA$1)),0)))) -> 0 | AI23: =IF(AI$6="",0,IF($T19=справочники!$B$8,$T17+$T21*(AI$1-$AA$1),IF($T19=справочники!$B$9,$T17*POWER($T21,(AI$1-$AA$1)),IF($T19=справочники!$B$10,POWER($T17,$T21*(AI$1-$AA$1)),0)))) -> 0 | ... AP23: =IF(AP$6="",0,IF($T19=справочники!$B$8,$T17+$T21*(AP$1-$AA$1),IF($T19=справочники!$B$9,$T17*POWER($T21,(AP$1-$AA$1)),IF($T19=справочники!$B$10,POWER($T17,$T21*(AP$1-$AA$1)),0)))) -> 0
G25: * | I25: средний чек в 1-ый год | M25: * | N25: ср. ст-ть 1ой единицы продукта-1 | Q25: руб. | S25: *
G27: * | I27: среднегодовой процент индексации | Q27: % | S27: *
F29: 2 | G29: * | I29: средний чек | N29: =N25 -> ср. ст-ть 1ой единицы продукта-1 | Q29: руб. | AA29: =IF(AA$6="",0,$T25) -> 0 | AB29: =IF(AB$6="",0,$T25*POWER(1+$T27,(AB$1-$AA$1))) -> 0 | AC29: =IF(AC$6="",0,$T25*POWER(1+$T27,(AC$1-$AA$1))) -> 0 | AD29: =IF(AD$6="",0,$T25*POWER(1+$T27,(AD$1-$AA$1))) -> 0 | AE29: =IF(AE$6="",0,$T25*POWER(1+$T27,(AE$1-$AA$1))) -> 0 | AF29: =IF(AF$6="",0,$T25*POWER(1+$T27,(AF$1-$AA$1))) -> 0 | AG29: =IF(AG$6="",0,$T25*POWER(1+$T27,(AG$1-$AA$1))) -> 0 | AH29: =IF(AH$6="",0,$T25*POWER(1+$T27,(AH$1-$AA$1))) -> 0 | AI29: =IF(AI$6="",0,$T25*POWER(1+$T27,(AI$1-$AA$1))) -> 0 | ... AP29: =IF(AP$6="",0,$T25*POWER(1+$T27,(AP$1-$AA$1))) -> 0
F30: 1
F31: 1 | H31: =$H$14 -> выручка | M31: * | N31: выручка от продажи продукта-1 | Q31: руб. | W31: =SUM($Y31:$AQ31) -> 0 | AA31: =IF(AA$6="",0,AA23*AA29) -> 0 | AB31: =IF(AB$6="",0,AB23*AB29) -> 0 | AC31: =IF(AC$6="",0,AC23*AC29) -> 0 | AD31: =IF(AD$6="",0,AD23*AD29) -> 0 | AE31: =IF(AE$6="",0,AE23*AE29) -> 0 | AF31: =IF(AF$6="",0,AF23*AF29) -> 0 | AG31: =IF(AG$6="",0,AG23*AG29) -> 0 | AH31: =IF(AH$6="",0,AH23*AH29) -> 0 | ... AP31: =IF(AP$6="",0,AP23*AP29) -> 0
F32: 1
F33: 1
G34: * | I34: кол-во продаж продукта-2 в 1-ый год | M34: * | N34: продукт-2 | Q34: шт | S34: *
G36: * | I36: скорость прироста г/г | Q36: вып.список | S36: * | U36: ^
G38: * | I38: коэффициент (q) прироста | Q38: =IF(T36=справочники!$B$8,"a+qx",IF(T36=справочники!$B$9,"aq^x",IF(T36=справочники!$B$10,"a^(qx)","??"))) -> ?? | S38: *
F40: 2 | G40: * | I40: кол-во продаж продукта-2 | Q40: шт | AA40: =IF(AA$6="",0,$T34) -> 0 | AB40: =IF(AB$6="",0,IF($T36=справочники!$B$8,$T34+$T38*(AB$1-$AA$1),IF($T36=справочники!$B$9,$T34*POWER($T38,(AB$1-$AA$1)),IF($T36=справочники!$B$10,POWER($T34,$T38*(AB$1-$AA$1)),0)))) -> 0 | AC40: =IF(AC$6="",0,IF($T36=справочники!$B$8,$T34+$T38*(AC$1-$AA$1),IF($T36=справочники!$B$9,$T34*POWER($T38,(AC$1-$AA$1)),IF($T36=справочники!$B$10,POWER($T34,$T38*(AC$1-$AA$1)),0)))) -> 0 | AD40: =IF(AD$6="",0,IF($T36=справочники!$B$8,$T34+$T38*(AD$1-$AA$1),IF($T36=справочники!$B$9,$T34*POWER($T38,(AD$1-$AA$1)),IF($T36=справочники!$B$10,POWER($T34,$T38*(AD$1-$AA$1)),0)))) -> 0 | AE40: =IF(AE$6="",0,IF($T36=справочники!$B$8,$T34+$T38*(AE$1-$AA$1),IF($T36=справочники!$B$9,$T34*POWER($T38,(AE$1-$AA$1)),IF($T36=справочники!$B$10,POWER($T34,$T38*(AE$1-$AA$1)),0)))) -> 0 | AF40: =IF(AF$6="",0,IF($T36=справочники!$B$8,$T34+$T38*(AF$1-$AA$1),IF($T36=справочники!$B$9,$T34*POWER($T38,(AF$1-$AA$1)),IF($T36=справочники!$B$10,POWER($T34,$T38*(AF$1-$AA$1)),0)))) -> 0 | AG40: =IF(AG$6="",0,IF($T36=справочники!$B$8,$T34+$T38*(AG$1-$AA$1),IF($T36=справочники!$B$9,$T34*POWER($T38,(AG$1-$AA$1)),IF($T36=справочники!$B$10,POWER($T34,$T38*(AG$1-$AA$1)),0)))) -> 0 | AH40: =IF(AH$6="",0,IF($T36=справочники!$B$8,$T34+$T38*(AH$1-$AA$1),IF($T36=справочники!$B$9,$T34*POWER($T38,(AH$1-$AA$1)),IF($T36=справочники!$B$10,POWER($T34,$T38*(AH$1-$AA$1)),0)))) -> 0 | AI40: =IF(AI$6="",0,IF($T36=справочники!$B$8,$T34+$T38*(AI$1-$AA$1),IF($T36=справочники!$B$9,$T34*POWER($T38,(AI$1-$AA$1)),IF($T36=справочники!$B$10,POWER($T34,$T38*(AI$1-$AA$1)),0)))) -> 0 | ... AP40: =IF(AP$6="",0,IF($T36=справочники!$B$8,$T34+$T38*(AP$1-$AA$1),IF($T36=справочники!$B$9,$T34*POWER($T38,(AP$1-$AA$1)),IF($T36=справочники!$B$10,POWER($T34,$T38*(AP$1-$AA$1)),0)))) -> 0
G42: * | I42: средний чек в 1-ый год | M42: * | N42: ср. ст-ть 1ой единицы продукта-2 | Q42: руб. | S42: *
G44: * | I44: среднегодовой процент индексации | Q44: % | S44: *
F46: 2 | G46: * | I46: средний чек | N46: =N42 -> ср. ст-ть 1ой единицы продукта-2 | Q46: руб. | AA46: =IF(AA$6="",0,$T42) -> 0 | AB46: =IF(AB$6="",0,$T42*POWER(1+$T44,(AB$1-$AA$1))) -> 0 | AC46: =IF(AC$6="",0,$T42*POWER(1+$T44,(AC$1-$AA$1))) -> 0 | AD46: =IF(AD$6="",0,$T42*POWER(1+$T44,(AD$1-$AA$1))) -> 0 | AE46: =IF(AE$6="",0,$T42*POWER(1+$T44,(AE$1-$AA$1))) -> 0 | AF46: =IF(AF$6="",0,$T42*POWER(1+$T44,(AF$1-$AA$1))) -> 0 | AG46: =IF(AG$6="",0,$T42*POWER(1+$T44,(AG$1-$AA$1))) -> 0 | AH46: =IF(AH$6="",0,$T42*POWER(1+$T44,(AH$1-$AA$1))) -> 0 | AI46: =IF(AI$6="",0,$T42*POWER(1+$T44,(AI$1-$AA$1))) -> 0 | ... AP46: =IF(AP$6="",0,$T42*POWER(1+$T44,(AP$1-$AA$1))) -> 0
F47: 1
F48: 1 | H48: =$H$14 -> выручка | M48: * | N48: выручка от продажи продукта-2 | Q48: руб. | W48: =SUM($Y48:$AQ48) -> 0 | AA48: =IF(AA$6="",0,AA40*AA46) -> 0 | AB48: =IF(AB$6="",0,AB40*AB46) -> 0 | AC48: =IF(AC$6="",0,AC40*AC46) -> 0 | AD48: =IF(AD$6="",0,AD40*AD46) -> 0 | AE48: =IF(AE$6="",0,AE40*AE46) -> 0 | AF48: =IF(AF$6="",0,AF40*AF46) -> 0 | AG48: =IF(AG$6="",0,AG40*AG46) -> 0 | AH48: =IF(AH$6="",0,AH40*AH46) -> 0 | ... AP48: =IF(AP$6="",0,AP40*AP46) -> 0
F49: 1
F50: 1
G51: * | I51: кол-во продаж продукта-3 в 1-ый год | M51: * | N51: продукт-3 | Q51: шт | S51: *
G53: * | I53: скорость прироста г/г | Q53: вып.список | S53: * | U53: ^
G55: * | I55: коэффициент (q) прироста | Q55: =IF(T53=справочники!$B$8,"a+qx",IF(T53=справочники!$B$9,"aq^x",IF(T53=справочники!$B$10,"a^(qx)","??"))) -> ?? | S55: *
F57: 2 | G57: * | I57: кол-во продаж продукта-3 | Q57: шт | AA57: =IF(AA$6="",0,$T51) -> 0 | AB57: =IF(AB$6="",0,IF($T53=справочники!$B$8,$T51+$T55*(AB$1-$AA$1),IF($T53=справочники!$B$9,$T51*POWER($T55,(AB$1-$AA$1)),IF($T53=справочники!$B$10,POWER($T51,$T55*(AB$1-$AA$1)),0)))) -> 0 | AC57: =IF(AC$6="",0,IF($T53=справочники!$B$8,$T51+$T55*(AC$1-$AA$1),IF($T53=справочники!$B$9,$T51*POWER($T55,(AC$1-$AA$1)),IF($T53=справочники!$B$10,POWER($T51,$T55*(AC$1-$AA$1)),0)))) -> 0 | AD57: =IF(AD$6="",0,IF($T53=справочники!$B$8,$T51+$T55*(AD$1-$AA$1),IF($T53=справочники!$B$9,$T51*POWER($T55,(AD$1-$AA$1)),IF($T53=справочники!$B$10,POWER($T51,$T55*(AD$1-$AA$1)),0)))) -> 0 | AE57: =IF(AE$6="",0,IF($T53=справочники!$B$8,$T51+$T55*(AE$1-$AA$1),IF($T53=справочники!$B$9,$T51*POWER($T55,(AE$1-$AA$1)),IF($T53=справочники!$B$10,POWER($T51,$T55*(AE$1-$AA$1)),0)))) -> 0 | AF57: =IF(AF$6="",0,IF($T53=справочники!$B$8,$T51+$T55*(AF$1-$AA$1),IF($T53=справочники!$B$9,$T51*POWER($T55,(AF$1-$AA$1)),IF($T53=справочники!$B$10,POWER($T51,$T55*(AF$1-$AA$1)),0)))) -> 0 | AG57: =IF(AG$6="",0,IF($T53=справочники!$B$8,$T51+$T55*(AG$1-$AA$1),IF($T53=справочники!$B$9,$T51*POWER($T55,(AG$1-$AA$1)),IF($T53=справочники!$B$10,POWER($T51,$T55*(AG$1-$AA$1)),0)))) -> 0 | AH57: =IF(AH$6="",0,IF($T53=справочники!$B$8,$T51+$T55*(AH$1-$AA$1),IF($T53=справочники!$B$9,$T51*POWER($T55,(AH$1-$AA$1)),IF($T53=справочники!$B$10,POWER($T51,$T55*(AH$1-$AA$1)),0)))) -> 0 | AI57: =IF(AI$6="",0,IF($T53=справочники!$B$8,$T51+$T55*(AI$1-$AA$1),IF($T53=справочники!$B$9,$T51*POWER($T55,(AI$1-$AA$1)),IF($T53=справочники!$B$10,POWER($T51,$T55*(AI$1-$AA$1)),0)))) -> 0 | ... AP57: =IF(AP$6="",0,IF($T53=справочники!$B$8,$T51+$T55*(AP$1-$AA$1),IF($T53=справочники!$B$9,$T51*POWER($T55,(AP$1-$AA$1)),IF($T53=справочники!$B$10,POWER($T51,$T55*(AP$1-$AA$1)),0)))) -> 0
G59: * | I59: средний чек в 1-ый год | M59: * | N59: ср. ст-ть 1ого продукта-3 | Q59: руб. | S59: *
G61: * | I61: среднегодовой процент индексации | Q61: % | S61: *
F63: 2 | G63: * | I63: средний чек | N63: =N59 -> ср. ст-ть 1ого продукта-3 | Q63: руб. | AA63: =IF(AA$6="",0,$T59) -> 0 | AB63: =IF(AB$6="",0,$T59*POWER(1+$T61,(AB$1-$AA$1))) -> 0 | AC63: =IF(AC$6="",0,$T59*POWER(1+$T61,(AC$1-$AA$1))) -> 0 | AD63: =IF(AD$6="",0,$T59*POWER(1+$T61,(AD$1-$AA$1))) -> 0 | AE63: =IF(AE$6="",0,$T59*POWER(1+$T61,(AE$1-$AA$1))) -> 0 | AF63: =IF(AF$6="",0,$T59*POWER(1+$T61,(AF$1-$AA$1))) -> 0 | AG63: =IF(AG$6="",0,$T59*POWER(1+$T61,(AG$1-$AA$1))) -> 0 | AH63: =IF(AH$6="",0,$T59*POWER(1+$T61,(AH$1-$AA$1))) -> 0 | AI63: =IF(AI$6="",0,$T59*POWER(1+$T61,(AI$1-$AA$1))) -> 0 | ... AP63: =IF(AP$6="",0,$T59*POWER(1+$T61,(AP$1-$AA$1))) -> 0
F64: 1
F65: 1 | H65: =$H$14 -> выручка | M65: * | N65: выручка от продажи продукта-3 | Q65: руб. | W65: =SUM($Y65:$AQ65) -> 0 | AA65: =IF(AA$6="",0,AA57*AA63) -> 0 | AB65: =IF(AB$6="",0,AB57*AB63) -> 0 | AC65: =IF(AC$6="",0,AC57*AC63) -> 0 | AD65: =IF(AD$6="",0,AD57*AD63) -> 0 | AE65: =IF(AE$6="",0,AE57*AE63) -> 0 | AF65: =IF(AF$6="",0,AF57*AF63) -> 0 | AG65: =IF(AG$6="",0,AG57*AG63) -> 0 | AH65: =IF(AH$6="",0,AH57*AH63) -> 0 | ... AP65: =IF(AP$6="",0,AP57*AP63) -> 0
F66: 1
F67: 1
G68: * | I68: кол-во продаж продукта-4 в 1-ый год | M68: * | N68: продукт-4 | Q68: шт | S68: *
G70: * | I70: скорость прироста г/г | Q70: вып.список | S70: * | U70: ^
G72: * | I72: коэффициент (q) прироста | Q72: =IF(T70=справочники!$B$8,"a+qx",IF(T70=справочники!$B$9,"aq^x",IF(T70=справочники!$B$10,"a^(qx)","??"))) -> ?? | S72: *
F74: 2 | G74: * | I74: кол-во продаж продукта-4 | Q74: шт | AA74: =IF(AA$6="",0,$T68) -> 0 | AB74: =IF(AB$6="",0,IF($T70=справочники!$B$8,$T68+$T72*(AB$1-$AA$1),IF($T70=справочники!$B$9,$T68*POWER($T72,(AB$1-$AA$1)),IF($T70=справочники!$B$10,POWER($T68,$T72*(AB$1-$AA$1)),0)))) -> 0 | AC74: =IF(AC$6="",0,IF($T70=справочники!$B$8,$T68+$T72*(AC$1-$AA$1),IF($T70=справочники!$B$9,$T68*POWER($T72,(AC$1-$AA$1)),IF($T70=справочники!$B$10,POWER($T68,$T72*(AC$1-$AA$1)),0)))) -> 0 | AD74: =IF(AD$6="",0,IF($T70=справочники!$B$8,$T68+$T72*(AD$1-$AA$1),IF($T70=справочники!$B$9,$T68*POWER($T72,(AD$1-$AA$1)),IF($T70=справочники!$B$10,POWER($T68,$T72*(AD$1-$AA$1)),0)))) -> 0 | AE74: =IF(AE$6="",0,IF($T70=справочники!$B$8,$T68+$T72*(AE$1-$AA$1),IF($T70=справочники!$B$9,$T68*POWER($T72,(AE$1-$AA$1)),IF($T70=справочники!$B$10,POWER($T68,$T72*(AE$1-$AA$1)),0)))) -> 0 | AF74: =IF(AF$6="",0,IF($T70=справочники!$B$8,$T68+$T72*(AF$1-$AA$1),IF($T70=справочники!$B$9,$T68*POWER($T72,(AF$1-$AA$1)),IF($T70=справочники!$B$10,POWER($T68,$T72*(AF$1-$AA$1)),0)))) -> 0 | AG74: =IF(AG$6="",0,IF($T70=справочники!$B$8,$T68+$T72*(AG$1-$AA$1),IF($T70=справочники!$B$9,$T68*POWER($T72,(AG$1-$AA$1)),IF($T70=справочники!$B$10,POWER($T68,$T72*(AG$1-$AA$1)),0)))) -> 0 | AH74: =IF(AH$6="",0,IF($T70=справочники!$B$8,$T68+$T72*(AH$1-$AA$1),IF($T70=справочники!$B$9,$T68*POWER($T72,(AH$1-$AA$1)),IF($T70=справочники!$B$10,POWER($T68,$T72*(AH$1-$AA$1)),0)))) -> 0 | AI74: =IF(AI$6="",0,IF($T70=справочники!$B$8,$T68+$T72*(AI$1-$AA$1),IF($T70=справочники!$B$9,$T68*POWER($T72,(AI$1-$AA$1)),IF($T70=справочники!$B$10,POWER($T68,$T72*(AI$1-$AA$1)),0)))) -> 0 | ... AP74: =IF(AP$6="",0,IF($T70=справочники!$B$8,$T68+$T72*(AP$1-$AA$1),IF($T70=справочники!$B$9,$T68*POWER($T72,(AP$1-$AA$1)),IF($T70=справочники!$B$10,POWER($T68,$T72*(AP$1-$AA$1)),0)))) -> 0
G76: * | I76: средний чек в 1-ый год | M76: * | N76: ср. ст-ть 1ого продукта-4 | Q76: руб. | S76: *
G78: * | I78: среднегодовой процент индексации | Q78: % | S78: *
F80: 2 | G80: * | I80: средний чек | N80: =N76 -> ср. ст-ть 1ого продукта-4 | Q80: руб. | AA80: =IF(AA$6="",0,$T76) -> 0 | AB80: =IF(AB$6="",0,$T76*POWER(1+$T78,(AB$1-$AA$1))) -> 0 | AC80: =IF(AC$6="",0,$T76*POWER(1+$T78,(AC$1-$AA$1))) -> 0 | AD80: =IF(AD$6="",0,$T76*POWER(1+$T78,(AD$1-$AA$1))) -> 0 | AE80: =IF(AE$6="",0,$T76*POWER(1+$T78,(AE$1-$AA$1))) -> 0 | AF80: =IF(AF$6="",0,$T76*POWER(1+$T78,(AF$1-$AA$1))) -> 0 | AG80: =IF(AG$6="",0,$T76*POWER(1+$T78,(AG$1-$AA$1))) -> 0 | AH80: =IF(AH$6="",0,$T76*POWER(1+$T78,(AH$1-$AA$1))) -> 0 | AI80: =IF(AI$6="",0,$T76*POWER(1+$T78,(AI$1-$AA$1))) -> 0 | ... AP80: =IF(AP$6="",0,$T76*POWER(1+$T78,(AP$1-$AA$1))) -> 0
F81: 1
F82: 1 | H82: =$H$14 -> выручка | M82: * | N82: выручка от продажи продукта-4 | Q82: руб. | W82: =SUM($Y82:$AQ82) -> 0 | AA82: =IF(AA$6="",0,AA74*AA80) -> 0 | AB82: =IF(AB$6="",0,AB74*AB80) -> 0 | AC82: =IF(AC$6="",0,AC74*AC80) -> 0 | AD82: =IF(AD$6="",0,AD74*AD80) -> 0 | AE82: =IF(AE$6="",0,AE74*AE80) -> 0 | AF82: =IF(AF$6="",0,AF74*AF80) -> 0 | AG82: =IF(AG$6="",0,AG74*AG80) -> 0 | AH82: =IF(AH$6="",0,AH74*AH80) -> 0 | ... AP82: =IF(AP$6="",0,AP74*AP80) -> 0
F83: 1
F84: 1
F86: 0
F87: 0 | G87: * | H87: переменные расходы | N87: итого | Q87: руб. | W87: =SUM($Y87:$AQ87) -> 0 | AA87: =IF(AA$6="",0,SUMIFS(AA88:AA117,$H88:$H117,$H87)) -> 0 | AB87: =IF(AB$6="",0,SUMIFS(AB88:AB117,$H88:$H117,$H87)) -> 0 | AC87: =IF(AC$6="",0,SUMIFS(AC88:AC117,$H88:$H117,$H87)) -> 0 | AD87: =IF(AD$6="",0,SUMIFS(AD88:AD117,$H88:$H117,$H87)) -> 0 | AE87: =IF(AE$6="",0,SUMIFS(AE88:AE117,$H88:$H117,$H87)) -> 0 | AF87: =IF(AF$6="",0,SUMIFS(AF88:AF117,$H88:$H117,$H87)) -> 0 | AG87: =IF(AG$6="",0,SUMIFS(AG88:AG117,$H88:$H117,$H87)) -> 0 | AH87: =IF(AH$6="",0,SUMIFS(AH88:AH117,$H88:$H117,$H87)) -> 0 | ... AP87: =IF(AP$6="",0,SUMIFS(AP88:AP117,$H88:$H117,$H87)) -> 0
F88: 0
F89: 0
G90: * | I90: тип зависимости переменных расходов | M90: * | N90: продукт-1 | Q90: вып.список | S90: * | U90: ^
I92: =IF($T90=справочники!$E$8,"расходы на одну транзакцию",IF($T90=справочники!$E$9,"доля выручки от продаж транзакций","??")) -> ?? | Q92: =IF($T90=справочники!$E$8,"руб.",IF($T90=справочники!$E$9,"доля","??")) -> ?? | S92: *
F93: 1
F94: 1 | H94: =$H$87 -> переменные расходы | M94: * | N94: расходы на продажу транзакций | Q94: руб. | W94: =SUM($Y94:$AQ94) -> 0 | AA94: =IF(AA$6="",0,IF($T90=справочники!$E$8,$T92*AA23,IF($T90=справочники!$E$9,$T92*AA31,0))) -> 0 | AB94: =IF(AB$6="",0,IF($T90=справочники!$E$8,$T92*AB23,IF($T90=справочники!$E$9,$T92*AB31,0))) -> 0 | AC94: =IF(AC$6="",0,IF($T90=справочники!$E$8,$T92*AC23,IF($T90=справочники!$E$9,$T92*AC31,0))) -> 0 | AD94: =IF(AD$6="",0,IF($T90=справочники!$E$8,$T92*AD23,IF($T90=справочники!$E$9,$T92*AD31,0))) -> 0 | AE94: =IF(AE$6="",0,IF($T90=справочники!$E$8,$T92*AE23,IF($T90=справочники!$E$9,$T92*AE31,0))) -> 0 | AF94: =IF(AF$6="",0,IF($T90=справочники!$E$8,$T92*AF23,IF($T90=справочники!$E$9,$T92*AF31,0))) -> 0 | AG94: =IF(AG$6="",0,IF($T90=справочники!$E$8,$T92*AG23,IF($T90=справочники!$E$9,$T92*AG31,0))) -> 0 | AH94: =IF(AH$6="",0,IF($T90=справочники!$E$8,$T92*AH23,IF($T90=справочники!$E$9,$T92*AH31,0))) -> 0 | ... AP94: =IF(AP$6="",0,IF($T90=справочники!$E$8,$T92*AP23,IF($T90=справочники!$E$9,$T92*AP31,0))) -> 0
F95: 1
F96: 1
G97: * | I97: тип зависимости переменных расходов | M97: * | N97: продукт-2 | Q97: вып.список | S97: * | U97: ^
I99: =IF($T97=справочники!$E$8,"расходы на продажу одного собств.решения",IF($T97=справочники!$E$9,"доля выручки от продаж собств.решений","??")) -> ?? | Q99: =IF($T97=справочники!$E$8,"руб.",IF($T97=справочники!$E$9,"доля","??")) -> ?? | S99: *
F100: 1
F101: 1 | H101: =$H$87 -> переменные расходы | M101: * | N101: расходы на продажу собств.решений | Q101: руб. | W101: =SUM($Y101:$AQ101) -> 0 | AA101: =IF(AA$6="",0,IF($T97=справочники!$E$8,$T99*AA40,IF($T97=справочники!$E$9,$T99*AA48,0))) -> 0 | AB101: =IF(AB$6="",0,IF($T97=справочники!$E$8,$T99*AB40,IF($T97=справочники!$E$9,$T99*AB48,0))) -> 0 | AC101: =IF(AC$6="",0,IF($T97=справочники!$E$8,$T99*AC40,IF($T97=справочники!$E$9,$T99*AC48,0))) -> 0 | AD101: =IF(AD$6="",0,IF($T97=справочники!$E$8,$T99*AD40,IF($T97=справочники!$E$9,$T99*AD48,0))) -> 0 | AE101: =IF(AE$6="",0,IF($T97=справочники!$E$8,$T99*AE40,IF($T97=справочники!$E$9,$T99*AE48,0))) -> 0 | AF101: =IF(AF$6="",0,IF($T97=справочники!$E$8,$T99*AF40,IF($T97=справочники!$E$9,$T99*AF48,0))) -> 0 | AG101: =IF(AG$6="",0,IF($T97=справочники!$E$8,$T99*AG40,IF($T97=справочники!$E$9,$T99*AG48,0))) -> 0 | AH101: =IF(AH$6="",0,IF($T97=справочники!$E$8,$T99*AH40,IF($T97=справочники!$E$9,$T99*AH48,0))) -> 0 | ... AP101: =IF(AP$6="",0,IF($T97=справочники!$E$8,$T99*AP40,IF($T97=справочники!$E$9,$T99*AP48,0))) -> 0
F102: 1
F103: 1
G104: * | I104: тип зависимости переменных расходов | M104: * | N104: продукт-3 | Q104: вып.список | S104: * | U104: ^
I106: =IF($T104=справочники!$E$8,"расходы на продажу одной единицы продукта-3",IF($T104=справочники!$E$9,"доля выручки от продаж продукта-3","??")) -> ?? | Q106: =IF($T104=справочники!$E$8,"руб.",IF($T104=справочники!$E$9,"доля","??")) -> ?? | S106: *
F107: 1
F108: 1 | H108: =$H$87 -> переменные расходы | M108: * | N108: расходы на продажу продукта-3 | Q108: руб. | W108: =SUM($Y108:$AQ108) -> 0 | AA108: =IF(AA$6="",0,IF($T104=справочники!$E$8,$T106*AA57,IF($T104=справочники!$E$9,$T106*AA65,0))) -> 0 | AB108: =IF(AB$6="",0,IF($T104=справочники!$E$8,$T106*AB57,IF($T104=справочники!$E$9,$T106*AB65,0))) -> 0 | AC108: =IF(AC$6="",0,IF($T104=справочники!$E$8,$T106*AC57,IF($T104=справочники!$E$9,$T106*AC65,0))) -> 0 | AD108: =IF(AD$6="",0,IF($T104=справочники!$E$8,$T106*AD57,IF($T104=справочники!$E$9,$T106*AD65,0))) -> 0 | AE108: =IF(AE$6="",0,IF($T104=справочники!$E$8,$T106*AE57,IF($T104=справочники!$E$9,$T106*AE65,0))) -> 0 | AF108: =IF(AF$6="",0,IF($T104=справочники!$E$8,$T106*AF57,IF($T104=справочники!$E$9,$T106*AF65,0))) -> 0 | AG108: =IF(AG$6="",0,IF($T104=справочники!$E$8,$T106*AG57,IF($T104=справочники!$E$9,$T106*AG65,0))) -> 0 | AH108: =IF(AH$6="",0,IF($T104=справочники!$E$8,$T106*AH57,IF($T104=справочники!$E$9,$T106*AH65,0))) -> 0 | ... AP108: =IF(AP$6="",0,IF($T104=справочники!$E$8,$T106*AP57,IF($T104=справочники!$E$9,$T106*AP65,0))) -> 0
F109: 1
F110: 1
G111: * | I111: тип зависимости переменных расходов | M111: * | N111: продукт-4 | Q111: вып.список | S111: * | U111: ^
I113: =IF($T111=справочники!$E$8,"расходы на продажу одной единицы продукта-4",IF($T111=справочники!$E$9,"доля выручки от продаж продукта-4","??")) -> ?? | Q113: =IF($T111=справочники!$E$8,"руб.",IF($T111=справочники!$E$9,"доля","??")) -> ?? | S113: *
F114: 1
F115: 1 | H115: =$H$87 -> переменные расходы | M115: * | N115: расходы на продажу продукта-4 | Q115: руб. | W115: =SUM($Y115:$AQ115) -> 0 | AA115: =IF(AA$6="",0,IF($T111=справочники!$E$8,$T113*AA74,IF($T111=справочники!$E$9,$T113*AA82,0))) -> 0 | AB115: =IF(AB$6="",0,IF($T111=справочники!$E$8,$T113*AB74,IF($T111=справочники!$E$9,$T113*AB82,0))) -> 0 | AC115: =IF(AC$6="",0,IF($T111=справочники!$E$8,$T113*AC74,IF($T111=справочники!$E$9,$T113*AC82,0))) -> 0 | AD115: =IF(AD$6="",0,IF($T111=справочники!$E$8,$T113*AD74,IF($T111=справочники!$E$9,$T113*AD82,0))) -> 0 | AE115: =IF(AE$6="",0,IF($T111=справочники!$E$8,$T113*AE74,IF($T111=справочники!$E$9,$T113*AE82,0))) -> 0 | AF115: =IF(AF$6="",0,IF($T111=справочники!$E$8,$T113*AF74,IF($T111=справочники!$E$9,$T113*AF82,0))) -> 0 | AG115: =IF(AG$6="",0,IF($T111=справочники!$E$8,$T113*AG74,IF($T111=справочники!$E$9,$T113*AG82,0))) -> 0 | AH115: =IF(AH$6="",0,IF($T111=справочники!$E$8,$T113*AH74,IF($T111=справочники!$E$9,$T113*AH82,0))) -> 0 | ... AP115: =IF(AP$6="",0,IF($T111=справочники!$E$8,$T113*AP74,IF($T111=справочники!$E$9,$T113*AP82,0))) -> 0
F116: 1
F117: 1
F119: 0
F120: 0 | G120: * | H120: маржинальная прибыль | N120: итого | Q120: руб. | W120: =SUM($Y120:$AQ120) -> 0 | AA120: =IF(AA$6="",0,AA14-AA87) -> 0 | AB120: =IF(AB$6="",0,AB14-AB87) -> 0 | AC120: =IF(AC$6="",0,AC14-AC87) -> 0 | AD120: =IF(AD$6="",0,AD14-AD87) -> 0 | AE120: =IF(AE$6="",0,AE14-AE87) -> 0 | AF120: =IF(AF$6="",0,AF14-AF87) -> 0 | AG120: =IF(AG$6="",0,AG14-AG87) -> 0 | AH120: =IF(AH$6="",0,AH14-AH87) -> 0 | ... AP120: =IF(AP$6="",0,AP14-AP87) -> 0
F121: 0
F122: 0
F123: 0
F124: 0 | G124: * | H124: постоянные расходы | N124: итого | Q124: руб. | W124: =SUM($Y124:$AQ124) -> 0 | AA124: =IF(AA$6="",0,SUMIFS(AA125:AA194,$H125:$H194,$H124)) -> 0 | AB124: =IF(AB$6="",0,SUMIFS(AB125:AB194,$H125:$H194,$H124)) -> 0 | AC124: =IF(AC$6="",0,SUMIFS(AC125:AC194,$H125:$H194,$H124)) -> 0 | AD124: =IF(AD$6="",0,SUMIFS(AD125:AD194,$H125:$H194,$H124)) -> 0 | AE124: =IF(AE$6="",0,SUMIFS(AE125:AE194,$H125:$H194,$H124)) -> 0 | AF124: =IF(AF$6="",0,SUMIFS(AF125:AF194,$H125:$H194,$H124)) -> 0 | AG124: =IF(AG$6="",0,SUMIFS(AG125:AG194,$H125:$H194,$H124)) -> 0 | AH124: =IF(AH$6="",0,SUMIFS(AH125:AH194,$H125:$H194,$H124)) -> 0 | ... AP124: =IF(AP$6="",0,SUMIFS(AP125:AP194,$H125:$H194,$H124)) -> 0
F125: 0
F126: 0
G127: * | I127: кол-во персонала в первый год | M127: * | N127: ФОТ | Q127: чел | S127: *
G129: * | I129: скорость прироста г/г | Q129: вып.список | S129: * | U129: ^
G131: * | I131: коэффициент (q) прироста | Q131: =IF(T129=справочники!$B$8,"a+qx",IF(T129=справочники!$B$9,"aq^x",IF(T129=справочники!$B$10,"a^(qx)","??"))) -> ?? | S131: *
F133: 2 | G133: * | I133: кол-во персонала | Q133: чел | AA133: =IF(AA$6="",0,$T127) -> 0 | AB133: =IF(AB$6="",0,IF($T129=справочники!$B$8,$T127+$T131*(AB$1-$AA$1),IF($T129=справочники!$B$9,$T127*POWER($T131,(AB$1-$AA$1)),IF($T129=справочники!$B$10,POWER($T127,$T131*(AB$1-$AA$1)),0)))) -> 0 | AC133: =IF(AC$6="",0,IF($T129=справочники!$B$8,$T127+$T131*(AC$1-$AA$1),IF($T129=справочники!$B$9,$T127*POWER($T131,(AC$1-$AA$1)),IF($T129=справочники!$B$10,POWER($T127,$T131*(AC$1-$AA$1)),0)))) -> 0 | AD133: =IF(AD$6="",0,IF($T129=справочники!$B$8,$T127+$T131*(AD$1-$AA$1),IF($T129=справочники!$B$9,$T127*POWER($T131,(AD$1-$AA$1)),IF($T129=справочники!$B$10,POWER($T127,$T131*(AD$1-$AA$1)),0)))) -> 0 | AE133: =IF(AE$6="",0,IF($T129=справочники!$B$8,$T127+$T131*(AE$1-$AA$1),IF($T129=справочники!$B$9,$T127*POWER($T131,(AE$1-$AA$1)),IF($T129=справочники!$B$10,POWER($T127,$T131*(AE$1-$AA$1)),0)))) -> 0 | AF133: =IF(AF$6="",0,IF($T129=справочники!$B$8,$T127+$T131*(AF$1-$AA$1),IF($T129=справочники!$B$9,$T127*POWER($T131,(AF$1-$AA$1)),IF($T129=справочники!$B$10,POWER($T127,$T131*(AF$1-$AA$1)),0)))) -> 0 | AG133: =IF(AG$6="",0,IF($T129=справочники!$B$8,$T127+$T131*(AG$1-$AA$1),IF($T129=справочники!$B$9,$T127*POWER($T131,(AG$1-$AA$1)),IF($T129=справочники!$B$10,POWER($T127,$T131*(AG$1-$AA$1)),0)))) -> 0 | AH133: =IF(AH$6="",0,IF($T129=справочники!$B$8,$T127+$T131*(AH$1-$AA$1),IF($T129=справочники!$B$9,$T127*POWER($T131,(AH$1-$AA$1)),IF($T129=справочники!$B$10,POWER($T127,$T131*(AH$1-$AA$1)),0)))) -> 0 | AI133: =IF(AI$6="",0,IF($T129=справочники!$B$8,$T127+$T131*(AI$1-$AA$1),IF($T129=справочники!$B$9,$T127*POWER($T131,(AI$1-$AA$1)),IF($T129=справочники!$B$10,POWER($T127,$T131*(AI$1-$AA$1)),0)))) -> 0 | ... AP133: =IF(AP$6="",0,IF($T129=справочники!$B$8,$T127+$T131*(AP$1-$AA$1),IF($T129=справочники!$B$9,$T127*POWER($T131,(AP$1-$AA$1)),IF($T129=справочники!$B$10,POWER($T127,$T131*(AP$1-$AA$1)),0)))) -> 0
G135: * | I135: средняя годовая з/п одного сотрудника в 1-ый год | M135: * | N135: годовая з/п одного сотрудника | Q135: руб. | S135: *
G137: * | I137: среднегодовой процент индексации | Q137: % | S137: *
F139: 2 | G139: * | I139: средняя з/п | N139: =N135 -> годовая з/п одного сотрудника | Q139: руб. | AA139: =IF(AA$6="",0,$T135) -> 0 | AB139: =IF(AB$6="",0,$T135*POWER(1+$T137,(AB$1-$AA$1))) -> 0 | AC139: =IF(AC$6="",0,$T135*POWER(1+$T137,(AC$1-$AA$1))) -> 0 | AD139: =IF(AD$6="",0,$T135*POWER(1+$T137,(AD$1-$AA$1))) -> 0 | AE139: =IF(AE$6="",0,$T135*POWER(1+$T137,(AE$1-$AA$1))) -> 0 | AF139: =IF(AF$6="",0,$T135*POWER(1+$T137,(AF$1-$AA$1))) -> 0 | AG139: =IF(AG$6="",0,$T135*POWER(1+$T137,(AG$1-$AA$1))) -> 0 | AH139: =IF(AH$6="",0,$T135*POWER(1+$T137,(AH$1-$AA$1))) -> 0 | AI139: =IF(AI$6="",0,$T135*POWER(1+$T137,(AI$1-$AA$1))) -> 0 | ... AP139: =IF(AP$6="",0,$T135*POWER(1+$T137,(AP$1-$AA$1))) -> 0
F140: 1
F141: 1 | H141: =$H$124 -> постоянные расходы | M141: * | N141: ФОТ | Q141: руб. | W141: =SUM($Y141:$AQ141) -> 0 | AA141: =IF(AA$6="",0,AA133*AA139) -> 0 | AB141: =IF(AB$6="",0,AB133*AB139) -> 0 | AC141: =IF(AC$6="",0,AC133*AC139) -> 0 | AD141: =IF(AD$6="",0,AD133*AD139) -> 0 | AE141: =IF(AE$6="",0,AE133*AE139) -> 0 | AF141: =IF(AF$6="",0,AF133*AF139) -> 0 | AG141: =IF(AG$6="",0,AG133*AG139) -> 0 | AH141: =IF(AH$6="",0,AH133*AH139) -> 0 | ... AP141: =IF(AP$6="",0,AP133*AP139) -> 0
...

Sheet справочники
B2: =главная!D2 -> Экспресс Финмодель Бизнес-Проекта
B3: =главная!D3 -> Бизнес-Проект: Название
B4: Справочники
B6: скорость прироста | E6: тип зависимости перем. расходов
B8: линейная | E8: от количества продаж
B9: геометрическая | E9: % от стоимости продаж
B10: экспоненциальная
